 Dungeon Sprint DCSS version 0.26-a0-665-gefeb406119 (webtiles) character file.

Game seed: 1684316446180925087

15010 jesuscristo the Warrior (level 11, -1/112 HPs)
             Began as a Yellow Draconian Earth Elementalist on Oct 14, 2020.
             Was the Champion of Vehumet.
             Slain by a 12-headed hydra (5 damage)
             ... in the Dungeon (Sprint I: "Red Sonja").
             The game lasted 00:20:06 (4287 turns).

jesuscristo the Warrior (DrEE)                      Turns: 4287, Time: 00:20:07

Health: -1/112     AC: 14    Str: 10    XL:     11   Next: 96%
Magic:  30/39      EV: 16    Int: 16    God:    Vehumet [******]
Gold:   219        SH:  7    Dex: 11    Spells: 25/40 levels left

rFire    . . .     SeeInvis .   k - +2 morningstar (freeze)
rCold    . . .     Faith    .   n - +3 buckler {AC+3}
rNeg     . . .     Spirit   .   (armour unavailable)
rPois    .         Reflect  .   (helmet restricted)
rElec    +         Harm     .   (no cloak)
rCorr    +         Rampage  .   p - +2 pair of gloves
MR       .....     NoTele   +   o - +0 pair of boots
Stlth    ++........             i - amulet of magic regeneration
HPRegen  0.00/turn              g - ring of magical power
MPRegen  0.51/turn              (no ring)

@: no status effects
A: spit acid, unfitting armour, blurry vision 2, dopey 1, screaming 1,
electricity resistance, inhibited regeneration, weak 1, no potion heal 1,
cold-blooded, subdued magic 1, MP-powered wands, acid resistance, AC +7
a: Breathe Acid, Renounce Religion


You were in the Dungeon.
You worshipped Vehumet.
Vehumet was exalted by your worship.
You visited 1 branch You collected 1946 gold pieces.
You spent 1727 gold pieces at shops.

Inventory:

Hand Weapons
 k - a +2 morningstar of freezing (weapon)
Missiles
 l - 10 curare-tipped darts (quivered)
Armour
 n - a +3 buckler of protection (worn)
 o - a +0 pair of boots (worn)
 p - a +2 pair of gloves (worn)
Jewellery
 g - a ring of magical power (left hand)
 i - an amulet of magic regeneration (around neck)
 r - an uncursed ring of flight
Wands
 a - a wand of flame (13)
 m - a wand of iceblast (6)
Scrolls
 h - a scroll of blinking
Potions
 c - 4 potions of curing
 e - a potion of haste
 f - a potion of magic
Miscellaneous
 j - a condenser vane (2/2)


   Skills:
 - Level 15.0 Fighting
 * Level 7.8 Dodging
 - Level 1.7 Stealth
 - Level 4.0 Shields
 - Level 15.0 Spellcasting
 - Level 15.0 Conjurations
 - Level 1.0 Transmutations
 - Level 10.0 Earth Magic
 - Level 8.0 Evocations


You had 25 spell levels left.
You knew the following spells:

 Your Spells              Type           Power        Failure   Level
a - Sandblast             Erth           ####..       1%          1
b - Stone Arrow           Conj/Erth      #####.       1%          3
c - Lee's Rapid Deconstr  Erth           ####......   1%          5
d - Passwall              Tmut/Erth      ###.....     1%          2
e - Petrify               Tmut/Erth      ###.....     4%          4

Your spell library contained the following spells:

 Spells                   Type           Power        Failure   Level
 Fireball                 Conj/Fire      ####......   1%          5
 Animate Skeleton         Necr           #.....       4%          1
 Apportation              Tloc           #.....       4%          1
 Corona                   Hex            #......      4%          1
 Summon Small Mammal      Summ           #...         4%          1


Dungeon Overview and Level Annotations

Branches:
Dungeon (1/1)

Altars:
Cheibriados
Dithmenos
Elyvilon
Fedhas
Gozag
Hepliaklqana
Kikubaaqudgha
Makhleb
Nemelex Xobeh
Okawaru
Qazlal
Ru
Sif Muna
Trog
Uskayaw
Vehumet
Wu Jian
Xom
Yredelemnul
Zin
The Shining One
Jiyva
Lugonu

Shops:
D [}(}![}([*(==}[??*=[?


Innate Abilities, Weirdness & Mutations

You can spit globs of acid.
Your golden yellow scales are hard. (AC +7)
You cannot fit into any form of body armour.
You are cold-blooded and may be slowed by cold attacks.
You are resistant to acid. (rCorr)
Scrolls take you longer to read.
You are dopey. (Int -2)
You occasionally shout uncontrollably at your foes.
You are resistant to electric shocks. (rElec)
You do not regenerate when monsters are visible.
You are weak. (Str -2)
Potions are less effective at restoring your health.
Your spells are a little easier to cast, but a little less powerful.
You expend magic power (3 MP) to strengthen your wands.


Message History

[Y]es or [N]o only, please.
Really read with blurry vision while enemies are nearby? [Y]es or [N]o only, please.
Really read with blurry vision while enemies are nearby? [Y]es or [N]o only, please.
Really read with blurry vision while enemies are nearby?
Okay, then.
Your system partially rejects the healing.
You feel much better. The 12-headed hydra bites you!
* * * LOW HITPOINT WARNING * * *
The 12-headed hydra bites you.
* * * LOW HITPOINT WARNING * * *
You block the 12-headed hydra's attack.
The 12-headed hydra bites you but does no damage. x2
The 12-headed hydra bites you.
* * * LOW HITPOINT WARNING * * *
You block the 12-headed hydra's attack. The 12-headed hydra bites you!
* * * LOW HITPOINT WARNING * * *
The 12-headed hydra bites you.
You die...

#####################************
..#..#.§§§'§§§.§@D§$#^^+,,,,*,,,,
..##'#§####§§§§§##§.+^^*,,,,**,,,
..'..#.#,*##§§§##*###*+*,,,,,****
###..'.#+*,###+#,$[##,,*,,,,,*,,,
.##+####^,,*,#.##$$$#,,**,,,,*,∩,
.#..^.^#,,,**#..###$#,,≈***+**,,,
.#...^.+,,,,,##.#A#$#,,≈,,*,****+
'###...#^,,,,#..###$#,,≈,**+*,^,,
.'.#.^.#**++*#.##..$#,,≈**,,,^,,,


You could see a 12-headed hydra.

Vanquished Creatures
  2 centaur warriors (D)
  Sonja (D)
  7 unseen horrors (D)
  A deep troll (D)
  A lindwurm (D)
  An oklob plant (D)
  8 shining eyes (D)
  A gargoyle (D)
  2 kobold demonologists (D)
  A hornet (D)
  A slime creature (D)
  2 redbacks (D)
  Sigmund (D)
  13 hogs (D)
  A yak (D)
  7 floating eyes (D)
  7 necrophages (D)
  An ogre (D)
  8 jellies (D)
  Ijyb (D)
67 creatures vanquished.

Vanquished Creatures (others)
  A gargoyle (D)
  2 ballistomycete spores (D)
3 creatures vanquished.

Grand Total: 70 creatures vanquished

Notes
Turn   | Place    | Note
-------+----------+-------------------------------------------
     0 | D        | jesuscristo the Draconian Earth Elementalist began the
                  | quest for the Orb.
     0 | D        | Reached XP level 1. HP: 14/14 MP: 3/3
     1 | D        | Noticed Ijyb
    12 | D        | Killed Ijyb
    12 | D        | Reached skill level 5 in Earth Magic
    12 | D        | Reached XP level 2. HP: 5/20 MP: 0/6
   269 | D        | Learned a level 2 spell: Passwall
   300 | D        | Noticed an ogre
   304 | D        | Killed an ogre
   304 | D        | Reached XP level 3. HP: 26/26 MP: 1/9
   304 | D        | Reached XP level 4. HP: 33/33 MP: 1/10
   480 | D        | Noticed Sigmund
   485 | D        | Killed Sigmund
   485 | D        | Reached skill level 10 in Earth Magic
   485 | D        | Reached XP level 5. HP: 19/38 MP: 5/15
   640 | D        | Learned a level 3 spell: Stone Arrow
   646 | D        | Learned a level 5 spell: Lee's Rapid Deconstruction
   651 | D        | Learned a level 4 spell: Petrify
   663 | D        | Found an ornate altar of the Wu Jian Council.
   663 | D        | Found a shimmering blue altar of Sif Muna.
   665 | D        | Found a radiant altar of Vehumet.
   667 | D        | Reached skill level 1 in Fighting
   667 | D        | Reached XP level 6. HP: 48/48 MP: 10/17
   735 | D        | Became a worshipper of Vehumet
   736 | D        | Found Kofos's Gadget Emporium.
   736 | D        | Found an ancient bone altar of Kikubaaqudgha.
   736 | D        | Found a stormy altar of Qazlal.
   736 | D        | Found a blossoming altar of Fedhas.
   736 | D        | Found a bloodstained altar of Trog.
   736 | D        | Found an iron altar of Okawaru.
   736 | D        | Found a glowing golden altar of the Shining One.
   736 | D        | Found a glowing silver altar of Zin.
   736 | D        | Found a white marble altar of Elyvilon.
   736 | D        | Noticed a yak
   740 | D        | Killed a yak
   741 | D        | Found a hazy altar of Hepliaklqana.
   741 | D        | Found a hide-covered altar of Uskayaw.
   741 | D        | Found a basalt altar of Yredelemnul.
   741 | D        | Found an opulent altar of Gozag.
   741 | D        | Found a snail-covered altar of Cheibriados.
   741 | D        | Found a sacrificial altar of Ru.
   741 | D        | Found a shadowy altar of Dithmenos.
   742 | D        | Found a sparkling altar of Nemelex Xobeh.
   746 | D        | Bought a condenser vane (2/2) for 260 gold pieces
   836 | D        | Found a viscous altar of Jiyva.
   836 | D        | Found a corrupted altar of Lugonu.
   836 | D        | Noticed a slime creature
   842 | D        | Killed a slime creature
   842 | D        | Reached skill level 5 in Conjurations
   842 | D        | Your scales start taking on a golden yellow colour.
   842 | D        | Reached XP level 7. HP: 51/68 MP: 2/18
   842 | D        | Gained mutation: You are resistant to acid. (rCorr) [Yellow
                  | Draconian growth]
   940 | D        | Found a burning altar of Makhleb.
   940 | D        | Found a shimmering altar of Xom.
   954 | D        | Noticed a kobold demonologist
   955 | D        | Noticed a kobold demonologist
   956 | D        | Reached * piety under Vehumet
   956 | D        | Offered knowledge of Freeze by Vehumet.
   959 | D        | Noticed a smoke demon
   959 | D        | Killed a kobold demonologist
   963 | D        | Killed a kobold demonologist
   963 | D        | Reached skill level 10 in Conjurations
   963 | D        | Reached skill level 1 in Evocations
   963 | D        | Reached XP level 8. HP: 74/74 MP: 7/20
   983 | D        | Noticed Sonja
   987 | D        | Killed Sonja
   987 | D        | Reached ** piety under Vehumet
   987 | D        | Reached skill level 10 in Spellcasting
  1201 | D        | Noticed a deep troll
  1207 | D        | Killed a deep troll
  1207 | D        | Offered knowledge of Magic Dart by Vehumet.
  1207 | D        | Reached skill level 10 in Fighting
  1207 | D        | Reached XP level 9. HP: 35/85 MP: 4/23
  1427 | D        | Found Deall's Armour Boutique.
  1522 | D        | Noticed a centaur warrior
  1526 | D        | Killed a centaur warrior
  1526 | D        | Offered knowledge of Ignite Poison by Vehumet.
  1527 | D        | Noticed a centaur warrior
  1597 | D        | Killed a centaur warrior
  1843 | D        | Noticed an oklob plant
  1848 | D        | Reached *** piety under Vehumet
  1921 | D        | Killed an oklob plant
  1921 | D        | Offered knowledge of Conjure Flame by Vehumet.
  1921 | D        | Reached skill level 15 in Fighting
  1921 | D        | Reached XP level 10. HP: 94/105 MP: 5/24
  2268 | D        | Reached **** piety under Vehumet
  2268 | D        | Offered knowledge of Iskenderun's Mystic Blast by Vehumet.
  2320 | D        | Reached ***** piety under Vehumet
  2346 | D        | Killed an unseen horror
  2479 | D        | Offered knowledge of Starburst by Vehumet.
  2508 | D        | Killed an unseen horror
  2590 | D        | Killed a gargoyle
  2600 | D        | Found Reimet's Weapon Shoppe.
  2602 | D        | Found Meypen's Gadget Shop.
  2602 | D        | Found Jorch's Antique Armour Boutique.
  2603 | D        | Found Ofyvuj's Assorted Antiques.
  2603 | D        | Found Uremao's Jewellery Emporium.
  2604 | D        | Found Civvef's Magic Scroll Emporium.
  2629 | D        | Found Ecibil's General Store.
  2629 | D        | Found Birphak's Weapon Shop.
  2629 | D        | Found Egigirr's Jewellery Shoppe.
  2629 | D        | Found Gocs's Jewellery Boutique.
  2629 | D        | Found Foosock's Gadget Emporium.
  2629 | D        | Found Ciguk's Armour Shop.
  2629 | D        | Found Vet Korphei's Magic Scroll Shoppe.
  2631 | D        | Bought a glowing buckler for 210 gold pieces
  2636 | D        | Found Cergho Meutre's Magic Scroll Boutique.
  2645 | D        | Bought a scroll of magic mapping for 38 gold pieces
  2649 | D        | Bought a scroll labeled IHOAWN EWUAHA for 19 gold pieces
  2649 | D        | Bought a scroll labeled HIHOLIGAIGU for 19 gold pieces
  2649 | D        | Bought a scroll labeled APASER GAADDO for 19 gold pieces
  2649 | D        | Bought an encrusted coral ring for 95 gold pieces
  2698 | D        | Found Xiqainis's Armour Emporium.
  2737 | D        | Bought a scroll of remove curse for 33 gold pieces
  2746 | D        | Bought an uncursed ring of magical power for 240 gold
                  | pieces
  2746 | D        | Bought an uncursed amulet of magic regeneration for 360
                  | gold pieces
  2754 | D        | Bought a +0 pair of boots for 45 gold pieces
  2754 | D        | Bought a +2 pair of gloves for 165 gold pieces
  2819 | D        | Noticed a shining eye
  2819 | D        | Noticed a shining eye
  2819 | D        | Noticed a shining eye
  2820 | D        | Noticed a shining eye
  2820 | D        | Noticed a shining eye
  2820 | D        | Noticed a shining eye
  2820 | D        | Gained mutation: You are robust. (+10% HP) [a shining eye]
  2820 | D        | Gained mutation: Scrolls take you a little longer to read.
                  | [a shining eye]
  2821 | D        | Paralysed by a floating eye for 2 turns
  2821 | D        | Gained mutation: You do not regenerate when monsters are
                  | visible. [a shining eye]
  2821 | D        | Gained mutation: Your body sometimes deteriorates upon
                  | taking damage. [a shining eye]
  2826 | D        | Paralysed by a floating eye for 3 turns
  2830 | D        | Gained mutation: You tend to lose your temper in combat. [a
                  | shining eye]
  2832 | D        | Paralysed by a floating eye for 4 turns
  2835 | D        | Gained mutation: Your magical capacity is low. (-10% MP) [a
                  | shining eye]
  2838 | D        | Gained mutation: Your muscles are strong. (Str +2) [a
                  | shining eye]
  2838 | D        | Paralysed by a floating eye for 3 turns
  2839 | D        | Lost mutation: You are robust. (+10% HP) [a shining eye]
  2841 | D        | Killed a shining eye
  2842 | D        | Reached ****** piety under Vehumet
  2844 | D        | Gained mutation: You are dopey. (Int -2) [a shining eye]
  2845 | D        | Killed a shining eye
  2845 | D        | Offered knowledge of Iskenderun's Battlesphere by Vehumet.
  2845 | D        | Gained mutation: Potions are less effective at restoring
                  | your health. [a shining eye]
  2849 | D        | Killed a shining eye
  2849 | D        | Reached XP level 11. HP: 112/112 MP: 26/26
  2853 | D        | Killed a shining eye
  2853 | D        | Reached skill level 15 in Spellcasting
  2856 | D        | Killed a shining eye
  2858 | D        | Noticed a shining eye
  2858 | D        | Noticed a shining eye
  2862 | D        | Gained mutation: You are clumsy. (Dex -2) [a shining eye]
  2863 | D        | Killed a shining eye
  2865 | D        | Paralysed by a floating eye for 4 turns
  2869 | D        | Gained mutation: Your flesh is heat resistant. (rF+) [a
                  | shining eye]
  2869 | D        | Gained mutation: Scrolls take you longer to read. [a
                  | shining eye]
  2872 | D        | Gained mutation: You occasionally shout uncontrollably at
                  | your foes. [a shining eye]
  2873 | D        | Killed a shining eye
  2874 | D        | Gained mutation: You can translocate small distances at
                  | will. [a shining eye]
  2876 | D        | Gained mutation: Your spells are a little easier to cast,
                  | but a little less powerful. [a shining eye]
  2877 | D        | Lost mutation: Your muscles are strong. (Str +2) [a shining
                  | eye]
  2879 | D        | Gained mutation: You are weak. (Str -2) [a shining eye]
  2880 | D        | Gained mutation: You are frail. (-10% HP) [a shining eye]
  2882 | D        | Killed a shining eye
  2941 | D        | Found Kehaynun's Gadget Shoppe.
  2941 | D        | Found Helolakh's Distillery.
  2941 | D        | Found Wenoymul's Weapon Emporium.
  2941 | D        | Found Kefaapov's Armour Boutique.
  2956 | D        | Bought 2 potions of mutation for 224 gold pieces
  2956 | D        | Lost mutation: You tend to lose your temper in combat.
                  | [potion of mutation]
  2956 | D        | Lost mutation: Your magical capacity is low. (-10% MP)
                  | [potion of mutation]
  2956 | D        | Lost mutation: You can translocate small distances at will.
                  | [potion of mutation]
  2956 | D        | Lost mutation: You are frail. (-10% HP) [potion of
                  | mutation]
  2956 | D        | Gained mutation: You are frail. (-10% HP) [potion of
                  | mutation]
  2956 | D        | Gained mutation: You expend magic power (3 MP) to
                  | strengthen your wands. [potion of mutation]
  2956 | D        | Gained mutation: You are resistant to electric shocks.
                  | (rElec) [potion of mutation]
  2957 | D        | Lost mutation: You are clumsy. (Dex -2) [potion of
                  | mutation]
  2957 | D        | Lost mutation: You are frail. (-10% HP) [potion of
                  | mutation]
  2957 | D        | Gained mutation: You are very dopey. (Int -4) [potion of
                  | mutation]
  2957 | D        | Lost mutation: Your body sometimes deteriorates upon taking
                  | damage. [potion of mutation]
  2957 | D        | Lost mutation: Your flesh is heat resistant. (rF+) [potion
                  | of mutation]
  2957 | D        | Lost mutation: You are very dopey. (Int -4) [potion of
                  | mutation]
  3445 | D        | Offered knowledge of Spellforged Servitor by Vehumet.
  3485 | D        | Noticed a lindwurm
  3491 | D        | Killed a lindwurm
  3607 | D        | Offered knowledge of Conjure Ball Lightning by Vehumet.
  3614 | D        | Reached skill level 15 in Conjurations
  3741 | D        | Noticed a daeva
  3744 | D        | Noticed an unseen horror
  3746 | D        | Noticed an unseen horror
  3747 | D        | Noticed an unseen horror
  3750 | D        | Killed an unseen horror
  3750 | D        | Noticed an unseen horror
  3751 | D        | Killed an unseen horror
  3758 | D        | Killed an unseen horror
  3758 | D        | Reached skill level 5 in Dodging
  3764 | D        | Killed an unseen horror
  4066 | D        | Noticed an unseen horror
  4073 | D        | Killed an unseen horror
  4073 | D        | Offered knowledge of Fireball by Vehumet.
  4282 | D        | Noticed a 12-headed hydra
  4287 | D        | HP: 4/112 [12-headed hydra (9)]
  4287 | D        | Slain by a 12-headed hydra

Illustrated notes

Levels and vault maps discovered:
D:        dungeon_sprint_1 [red_sonja_temple_1, red_sonja_temple_small_1]

Skill      XL: |  1  2  3  4  5  6  7  8  9 10 11 |
---------------+----------------------------------+-----
Spellcasting   | 3 4 7 8 10 14 15 | 15.0
Earth Magic    | 5 8 10 | 10.0
Fighting       | 1 8 10 15 | 15.0
Conjurations   | 5 10 15 | 15.0
Evocations     | 1 7 8 |  8.0
Dodging        | 7 |  7.8
Shields        | 4 |  4.0
Stealth        | |  1.7
Transmutations | |  1.0

Action                   |  1- 3 |  4- 6 |  7- 9 | 10-12 || total
-------------------------+-------+-------+-------+-------++-------
Melee: Unarmed           |     7 |       |       |       ||     7
       Tailslap          |     1 |       |       |     6 ||     7
       Morningstar       |       |       |       |    26 ||    26
Throw: Stone             |     1 |       |       |     3 ||     4
 Cast: Sandblast         |     5 |     6 |    10 |    32 ||    53
       Passwall          |     2 |       |       |     1 ||     3
       Stone Arrow       |       |    10 |    27 |    58 ||    95
       Lee's Rapid Decon |       |       |       |    27 ||    27
       Petrify           |       |       |       |     1 ||     1
 Abil: Breathe Acid      |       |       |       |     2 ||     2
Evoke: Condenser vane    |       |       |       |     1 ||     1
  Use: Potion            |     1 |       |       |     4 ||     5
       Scroll            |       |       |       |     7 ||     7
Armor: Skin              |       |       |     3 |    58 ||    61
Dodge: Dodged            |     3 |     3 |    20 |    38 ||    64
Block: Buckler           |       |       |       |    16 ||    16

Table legend: (Time is in decaauts)
 A = Elapsed time spent in this place.
 B = Non-inter-level travel time spent in this place.
 C = Inter-level travel time spent in this place.
 D = Time resting spent in this place.
 E = Time spent auto-exploring this place.
 F = Levels seen in this place.
 G = Mean time per level.
                   A        B        C        D        E       F      G
               +--------+--------+--------+--------+--------+-----+--------+
         Total |   4312 |   4237 |     75 |   3013 |    353 |   1 | 4312.0 |
       Dungeon |   4312 |   4237 |     75 |   3013 |    353 |   1 | 4312.0 |
               +--------+--------+--------+--------+--------+-----+--------+

Top non-repeatable levels by time:
       D: 4312 daAuts
